 Dungeon Crawl Stone Soup version 0.26-a0-665-gefeb406119 (webtiles) character file.

Game seed: 299789105970784670

25937 mg7810 the Blocker (level 12, -5/151 HPs)
             Began as a Minotaur Monk on Oct 14, 2020.
             Was a High Priest of the Shining One.
             Slain by a sun demon (17 damage)
             ... summoned by an orc high priest
             ... on level 2 of the Orcish Mines.
             The game lasted 00:50:09 (12810 turns).

mg7810 the Blocker (Minotaur Monk)                 Turns: 12810, Time: 00:50:11

Health: -5/151     AC: 23    Str: 21    XL:     12   Next: 93%
Magic:  10/15      EV: 10    Int:  7    God:    the Shining One [*****.]
Gold:   371        SH: 23    Dex: 13    Spells: 11/11 levels left

rFire    . . .     SeeInvis .   d - +2 flail (protect)
rCold    . . .     Faith    .   u - +0 tower shield
rNeg     + + .     Spirit   .   c - +1 leather armour of Xyentut {Rampage Regen+ Slay+2}
rPois    +         Reflect  +   (helmet restricted)
rElec    .         Harm     .   V - +2 cloak
rCorr    .         Rampage  +   j - +0 pair of gloves
MR       .....                  W - +1 pair of boots {run}
Stlth    ..........             p - amulet of reflection
HPRegen  0.75/turn              H - ring of poison resistance
MPRegen  0.14/turn              m - +4 ring of protection

@: berserking, silence, protection aura, glowing, very quick
A: retaliatory headbutt, horns 2
a: Renounce Religion


You were on level 2 of the Orcish Mines.
You worshipped the Shining One.
The Shining One was extremely pleased with you.
You visited 3 branches of the dungeon, and saw 15 of its levels.
You also visited: Ossuary.

You collected 1114 gold pieces.
You spent 743 gold pieces at shops.

Inventory:

Hand Weapons
 d - a +2 flail of protection (weapon)
Missiles
 q - 3 curare-tipped darts
 K - 20 poisoned darts (quivered)
 L - 7 silver javelins
Armour
 c - the +1 leather armour of Xyentut (worn) {Rampage Regen+ Slay+2}
   (You found it on level 5 of the Dungeon)

   It affects your accuracy and damage with ranged weapons and melee attacks
   (+2).
   It increases your rate of regeneration.
   It bestows one free step when moving towards enemies.
 j - a +0 pair of gloves (worn)
 u - a +0 tower shield (worn)
 V - a +2 cloak (worn)
 W - a +1 pair of boots of running (worn)
Jewellery
 m - a +4 ring of protection (right hand)
 p - an amulet of reflection (around neck)
 H - a ring of poison resistance (left hand)
Wands
 f - a wand of acid (30)
 o - a wand of flame (52)
 x - a wand of paralysis (5)
 F - a wand of disintegration (16)
 P - a wand of digging (5)
Scrolls
 h - 2 scrolls of fear
 i - 10 scrolls of remove curse
 v - a scroll of enchant armour
 C - a scroll of immolation
 G - 2 scrolls of enchant weapon
 J - 3 scrolls of teleportation
 N - a scroll of magic mapping {unknown}
 R - a scroll of amnesia
 T - a scroll of fog
Potions
 a - a potion of invisibility {unknown}
 e - 2 potions of stabbing {unknown}
 g - 3 potions of berserk rage
 k - a potion of brilliance {unknown}
 l - 2 potions of mutation
 n - 5 potions of might
 r - 7 potions of curing
 t - 2 potions of cancellation
 A - 4 potions of flight
 I - 2 potions of resistance


   Skills:
 + Level 8.0 Fighting
 + Level 11.9 Maces & Flails
 + Level 6.3 Throwing
 + Level 9.7 Armour
 - Level 3.4 Dodging
 + Level 2.2 Stealth
 + Level 12.3 Shields
 + Level 8.5 Unarmed Combat
 + Level 5.8 Invocations
 + Level 6.0 Evocations


You had 11 spell levels left.
You didn't know any spells.
Your spell library contained the following spells:

 Spells                   Type           Power        Failure   Level
 Animate Skeleton         Necr           #.....       95%         1
 Apportation              Tloc           #.....       95%         1
 Corona                   Hex            #......      95%         1
 Sandblast                Erth           #.....       95%         1
 Summon Small Mammal      Summ           #...         95%         1
 Passwall                 Tmut/Erth      #.......     99%         2
 Stone Arrow              Conj/Erth      #.....       100%        3
 Petrify                  Tmut/Erth      #.......     100%        4
 Lee's Rapid Deconstruct  Erth           #.........   100%        5


Dungeon Overview and Level Annotations

Branches:
Dungeon (12/15)            Temple (1/1) D:7            Lair (0/6) D:10
    Orc (1/2) D:9         Ossuary (visited)

Altars:
Ashenzari
Cheibriados
Dithmenos
Elyvilon
Fedhas
Gozag
Hepliaklqana
Kikubaaqudgha
Makhleb
Nemelex Xobeh
Okawaru
Qazlal
Ru
Sif Muna
Trog
Uskayaw
Vehumet
Wu Jian
Xom
Yredelemnul
Zin
The Shining One

Shops:
D:11 [   Orc:2 *(


Innate Abilities, Weirdness & Mutations

You reflexively headbutt those who attack you in melee.
You have a pair of horns on your head.


Message History

You sock the orc sorcerer! You headbutt the orc sorcerer!
You kill the orc sorcerer!
The ice devil disappears in a puff of smoke!
You block the sixfirhy's attack. x2; The sun demon hits you!
You are engulfed in flames!
The orc warrior hits you from afar with a +0 trident!
The orc warrior hits the fungus with a +0 hand axe!!
You barely miss the orc warrior. You headbutt the orc warrior!
The orc warrior is almost dead.
You block the sixfirhy's attack.
The sixfirhy hits you but does no damage.
Your angel hits the orc warrior with a +2 sacred scourge of holy wrath. x2
The orc warrior hits you from afar with a +0 glaive!!
* * * LOW HITPOINT WARNING * * *
The orc high priest hits you but does no damage.
The chaos spawn barely misses you. You furiously retaliate!
You headbutt the chaos spawn! The sun demon hits you!!
* * * LOW HITPOINT WARNING * * *
You are engulfed in flames!
You die...

.................
.............∩...
..........P......
...........o8....
..P......oPPP....
PPP...oo#4.......
..§..4ooA........
.P§h.o3@o.$.....$
...§3o4#3#o......
.∩...oo##O.......
....... #o#..P..
..8..PP #.3....
P...... .o..o.
P...P.. .3o...
....##. .P....


You could see an orc warlord, an orc knight, a soul eater (summoned), 2 orc high
priests, 2 sun demons, a rust devil (summoned), a sixfirhy (summoned), a smoke
demon (summoned), 2 chaos spawn, a warg, 3 orc sorcerers, 8 orc warriors, an
ogre and a friendly angel (summoned).

Vanquished Creatures
  An ogre mage (D:12)
  A hydra (D:9)
  A boulder beetle (D:11)
  2 two-headed ogres
  A death knight (D:12)
  2 tengu warriors
  An orc high priest (Orc:2)
  2 unseen horrors (D:12)
  A wizard (D:12)
  An orc knight (Orc:1)
  3 orc sorcerers
  3 ugly things (D:11)
  An orb spider (shapeshifter) (D:12)
  A manticore (D:11)
  2 centaur zombies
  A gargoyle (D:10)
  A komodo dragon (D:10)
  4 trolls
  Grinder (D:4)
  2 wraiths
  11 yaks
  2 vampires
  A shadow (D:11)
  A warg (Orc:1)
  An acid dragon (D:11)
  2 floating eyes (D:11)
  A water moccasin (D:12)
  3 sky beasts
  16 orc warriors
  4 ice beasts
  A black bear (D:11)
  A phantom (D:6)
  2 necrophages
  4 ogres
  11 centaurs
  2 big kobolds (D:8)
  12 bullfrogs
  3 water moccasin zombies
  4 scorpions
  A wyvern skeleton (D:7)
  6 killer bees (D:9)
  A wight (D:9)
  4 howler monkeys
  A bullfrog zombie (D:6)
  A quasit (D:9)
  3 jellies
  9 hounds
  17 orc wizards
  2 bullfrog skeletons
  A gnoll shaman (D:6)
  15 orc priests
  6 worker ants
  4 iguanas
  3 big kobold zombies (Ossuary)
  2 hound zombies
  3 hound skeletons
  2 mummies (Ossuary)
  A howler monkey zombie (D:5)
  Robin (D:3)
  6 gnolls
  18 adders
  3 shadow imps
  2 white imps
  3 ufetubi
  4 adder zombies (Ossuary)
  3 worms
  3 dart slugs
  4 leopard geckos
  57 orcs
  4 gnoll zombies (Ossuary)
  14 goblins
  11 hobgoblins
  7 jackals
  6 quokkas
  5 bats
  4 frilled lizards
  A giant cockroach zombie (D:5)
  2 goblin skeletons (D:5)
  A goblin zombie (D:5)
  5 hobgoblin zombies
  17 kobolds
  6 kobold zombies
  2 leopard gecko skeletons
  2 orc skeletons (D:5)
  6 orc zombies
  5 rats
398 creatures vanquished.

Vanquished Creatures (collateral kills)
  A boulder beetle (D:12)
  2 two-headed ogres (D:10)
  A cyclops (D:12)
  A centaur skeleton (D:10)
  An efreet (D:10)
  A tengu conjurer (D:12)
  A meliai (D:12)
  A basilisk (D:12)
  An orc warrior (Orc:2)
  An ice beast (D:10)
  A jelly (D:10)
  3 orcs (D:10)
15 creatures vanquished.

Vanquished Creatures (others)
  An orc wizard (D:4)
  3 fungi (Orc:2)
  21 plants (D:10)
25 creatures vanquished.

Grand Total: 438 creatures vanquished

Notes
Turn   | Place    | Note
-------+----------+-------------------------------------------
     0 | D:1      | mg7810 the Minotaur Monk began the quest for the Orb.
     0 | D:1      | Reached XP level 1. HP: 19/19 MP: 0/0
   276 | D:1      | Reached XP level 2. HP: 23/27 MP: 1/1
   930 | D:1      | Reached skill level 1 in Armour
  1279 | D:2      | Reached XP level 3. HP: 33/33 MP: 2/2
  2145 | D:3      | Reached XP level 4. HP: 35/40 MP: 3/3
  2158 | D:3      | Reached skill level 1 in Shields
  2167 | D:3      | Noticed Robin
  2203 | D:3      | Killed Robin
  2377 | D:3      | Found a hazy altar of Hepliaklqana.
  2379 | D:3      | Found a shimmering altar of Xom.
  2380 | D:3      | Noticed a spectral ugly thing
  2811 | D:4      | Reached XP level 5. HP: 39/46 MP: 4/4
  2958 | D:4      | Reached skill level 2 in Shields
  2958 | D:4      | Reached skill level 5 in Unarmed Combat
  2985 | D:4      | Reached skill level 1 in Maces & Flails
  2989 | D:4      | Reached XP level 6. HP: 51/53 MP: 5/5
  3157 | D:4      | Noticed Grinder
  3191 | D:4      | Paralysed by Grinder for 2 turns
  3200 | D:4      | Killed Grinder
  3200 | D:4      | Reached skill level 3 in Shields
  3200 | D:4      | Reached XP level 7. HP: 22/60 MP: 6/6
  3677 | D:5      | Entered Level 5 of the Dungeon
  3769 | D:5      | Reached skill level 5 in Armour
  3782 | D:5      | Reached skill level 1 in Evocations
  3840 | D:5      | Reached skill level 5 in Fighting
  3840 | D:5      | Reached skill level 5 in Maces & Flails
  3865 | D:5      | Found a glowing golden altar of the Shining One.
  3881 | D:5      | Became a worshipper of the Shining One
  3881 | D:5      | Reached * piety under the Shining One
  3881 | D:5      | Reached ** piety under the Shining One
  4423 | D:5      | Got a jewelled leather armour
  4424 | D:5      | Identified the +1 leather armour of Xyentut {Rampage Regen+
                  | Slay+2} (You found it on level 5 of the Dungeon)
  4482 | D:5      | Reached skill level 4 in Shields
  4491 | D:5      | Reached XP level 8. HP: 46/68 MP: 7/7
  4813 | D:6      | Found a sand-covered staircase.
  4836 | Ossuary  | Entered an ossuary
  4883 | Ossuary  | Reached *** piety under the Shining One
  4944 | Ossuary  | Reached skill level 1 in Invocations
  4991 | Ossuary  | Reached **** piety under the Shining One
  5142 | D:6      | Found a snail-covered altar of Cheibriados.
  5142 | D:6      | Found a sparkling altar of Nemelex Xobeh.
  5143 | D:6      | Found a stormy altar of Qazlal.
  5149 | D:6      | Reached skill level 1 in Throwing
  5284 | D:6      | Found an ornate altar of the Wu Jian Council.
  5302 | D:6      | Reached skill level 5 in Shields
  5415 | D:6      | Found a shadowy altar of Dithmenos.
  5427 | D:6      | Reached XP level 9. HP: 64/74 MP: 9/9
  5830 | D:7      | Reached ***** piety under the Shining One
  5907 | D:7      | Reached skill level 6 in Shields
  5989 | D:7      | Found a blossoming altar of Fedhas.
  6128 | D:7      | Found a staircase to the Ecumenical Temple.
  6163 | Temple   | Entered the Ecumenical Temple
  6458 | D:7      | Found a sacrificial altar of Ru.
  6745 | D:8      | Found an ancient bone altar of Kikubaaqudgha.
  7005 | D:8      | Found an iron altar of Okawaru.
  7504 | D:9      | Reached XP level 10. HP: 83/83 MP: 11/11
  7598 | D:9      | Reached skill level 7 in Shields
  7602 | D:9      | Found a staircase to the Orcish Mines.
  7783 | D:9      | Noticed a six-headed hydra
  8053 | D:9      | Found a broken altar of Ashenzari.
  8124 | D:9      | Killed a six-headed hydra
  8280 | D:10     | Entered Level 10 of the Dungeon
  8282 | D:10     | Noticed a two-headed ogre
  8290 | D:10     | Killed a two-headed ogre
  8293 | D:10     | Noticed a two-headed ogre
  8295 | D:10     | Killed a two-headed ogre
  8295 | D:10     | Reached skill level 8 in Shields
  8398 | D:10     | Reached XP level 11. HP: 91/91 MP: 12/12
  8422 | D:10     | Noticed a two-headed ogre
  8429 | D:10     | Killed a two-headed ogre
  8471 | D:10     | Reached skill level 10 in Maces & Flails
  8557 | D:10     | Reached skill level 5 in Evocations
  8652 | D:10     | Found a staircase to the Lair.
  8831 | D:10     | Noticed a tengu warrior
  8842 | D:10     | Killed a tengu warrior
  8842 | D:10     | Reached skill level 9 in Shields
  8933 | D:10     | Reached skill level 5 in Throwing
  9543 | D:11     | Noticed a boulder beetle
  9545 | D:11     | Noticed a purple ugly thing
  9550 | D:11     | Noticed a white ugly thing
  9560 | D:11     | Killed a green ugly thing
  9568 | D:11     | Killed a green ugly thing
  9615 | D:11     | Killed a boulder beetle
  9708 | D:11     | Reached skill level 10 in Shields
  9778 | D:11     | Paralysed by a floating eye for 2 turns
  9785 | D:11     | Paralysed by a floating eye for 2 turns
  9788 | D:11     | Paralysed by a floating eye for 3 turns
  9902 | D:11     | Noticed a cyan ugly thing
  9914 | D:11     | Killed a cyan ugly thing
 10183 | D:11     | Found Cuecs's Antique Armour Shoppe.
 10189 | D:11     | Bought a runed cloak for 232 gold pieces
 10189 | D:11     | Bought a pair of embroidered boots for 232 gold pieces
 10189 | D:11     | Bought a translucent scale mail for 279 gold pieces
 10204 | D:11     | Identified a +1 pair of boots of running (You bought it in
                  | a shop on level 11 of the Dungeon)
 10214 | D:11     | Identified the cursed +1 scale mail of the World {Int+3}
                  | (You bought it in a shop on level 11 of the Dungeon)
 10331 | D:11     | Reached XP level 12. HP: 100/100 MP: 14/14
 10541 | D:12     | Noticed a two-headed ogre
 10549 | D:12     | Killed a two-headed ogre
 10710 | D:12     | Reached skill level 5 in Invocations
 11278 | D:12     | Got an ichor-stained hunting sling
 11279 | D:12     | Identified the cursed +1 hunting sling "Satobib" {flame,
                  | rC+ MP+9} (You found it on level 12 of the Dungeon)
 11324 | D:12     | Noticed an ogre mage
 11326 | D:12     | Noticed a boulder beetle
 11335 | D:12     | Killed an ogre mage
 11338 | D:12     | Reached skill level 11 in Shields
 11344 | D:12     | Killed a boulder beetle
 11400 | D:12     | Noticed a death knight
 11414 | D:12     | Noticed a tengu warrior
 11416 | D:12     | HP: 5/100 [mirror damage (13)]
 11419 | D:12     | Killed a death knight
 11429 | D:12     | Killed a tengu warrior
 11502 | D:12     | Got a wavering iron ring
 11508 | D:12     | Identified the ring of the Ancients {rN+ rCorr Int+4} (You
                  | found it on level 12 of the Dungeon)
 12148 | Orc:1    | Entered Level 1 of the Orcish Mines
 12453 | Orc:1    | Reached skill level 12 in Shields
 12797 | Orc:1    | You fall into a shaft and drop 1 floor!
 12797 | Orc:2    | Entered Level 2 of the Orcish Mines
 12797 | Orc:2    | Found Diodygh's Antique Weapon Shop.
 12797 | Orc:2    | Noticed an orc high priest
 12798 | Orc:2    | Noticed an orc high priest
 12799 | Orc:2    | Found Rigejur's General Store.
 12799 | Orc:2    | Noticed an orc warlord
 12800 | Orc:2    | Noticed an orc high priest
 12804 | Orc:2    | Killed an orc high priest
 12810 | Orc:2    | Slain by a sun demon

Illustrated notes

Levels and vault maps discovered:
D:1:      minmay_arrival_doors, layout_basic, dk_noncrumbling_2,
          kennysheep_pointless_box
D:2:      layout_basic, lemuel_old_faithful
D:3:      layout_loops_ring, regret_index_temple_of_mockery, uniq_robin
D:4:      layout_rooms, uniq_grinder
D:5:      layout_rooms, nicolae_tso_besieged_by_evil
D:6:      layout_gridville, kennysheep_mini, nicolae_dithmenos_the_darkroom,
          gammafunk_temple_overflow_claw, enter_ossuary_1
D:7:      layout_loops_ring, lemuel_coloured_pillars_altar,
          kennysheep_little_box, minmay_temple_entry_statues_fountains,
          st_stairs_8
D:8:      layout_cave_pods, okawaru_ov_weapons_minmay, kiku_gazebo_garden_becter
D:9:      layout_irregular_city, ashenzari_conservatory_becter, david_orc_3,
          grunt_tough_drop
D:10:     minmay_wavy_crystal, layout_long_grid, david_lair_shrubbed
D:11:     layout_loops_ring, serial_shops, nicolae_shop_behind_doors,
          onia_ninara_cookie
D:12:     minmay_stepped, layout_layer_cave
Temple:   chequers_temple_sunken
Orc:1:    layout_caves, minmay_orc_barracks
Orc:2:    grunt_orc_gardens, layout_caves, grunt_orc_garden, grunt_orc_garden,
          grunt_orc_garden, grunt_orc_garden, serial_shops,
          nicolae_shop_waterfront, david_defended_altar_orc

Skill      XL: |  1  2  3  4  5  6  7  8  9 10 11 12 |
---------------+-------------------------------------+-----
Fighting       | 4 5 6 7 8 |  8.0
Armour         | 1 3 4 5 6 7 8 9 |  9.7
Unarmed Combat | 4 5 6 7 8 |  8.5
Shields        | 1 2 3 4 5 6 8 10 12 | 12.3
Maces & Flails | 1 3 5 6 8 9 10 11 | 11.9
Evocations     | 1 2 3 4 5 6 |  6.0
Invocations    | 2 3 4 5 |  5.8
Throwing       | 1 3 4 5 6 |  6.3
Stealth        | 2 |  2.2
Dodging        | |  3.4

Action                   |  1- 3 |  4- 6 |  7- 9 | 10-12 || total
-------------------------+-------+-------+-------+-------++-------
Melee: Unarmed           |    91 |    46 |       |       ||   137
       Headbutt          |    14 |    23 |    94 |   183 ||   314
       Punch             |     1 |       |       |       ||     1
       Mace              |       |    99 |   272 |       ||   371
       Flail             |       |       |   129 |   551 ||   680
Throw: Dart              |       |       |       |     6 ||     6
Invok: Summon Divine War |       |       |       |     5 ||     5
       Cleansing Flame   |       |       |       |     4 ||     4
Evoke: Wand              |       |       |     3 |     1 ||     4
  Use: Scroll            |     3 |       |    21 |    11 ||    35
       Potion            |       |     3 |     3 |     2 ||     8
Armor: Leather armour    |     6 |       |    88 |   119 ||   213
       Robe              |     2 |       |       |       ||     2
       Chain mail        |    39 |    93 |    57 |       ||   189
Dodge: Dodged            |    35 |    58 |   197 |   149 ||   439
Block: Buckler           |     7 |    26 |   200 |    50 ||   283
       Reflection        |       |       |     9 |    23 ||    32
       Tower shield      |       |       |       |   500 ||   500

Table legend: (Time is in decaauts)
 A = Elapsed time spent in this place.
 B = Non-inter-level travel time spent in this place.
 C = Inter-level travel time spent in this place.
 D = Time resting spent in this place.
 E = Time spent auto-exploring this place.
 F = Levels seen in this place.
 G = Mean time per level.
                   A        B        C        D        E       F      G
               +--------+--------+--------+--------+--------+-----+--------+
         Total |  12757 |  12068 |    689 |      0 |   9111 |  16 |  797.3 |
       Dungeon |  11644 |  10957 |    687 |      0 |   8282 |  12 |  970.3 |
        Temple |    270 |    269 |      1 |      0 |    234 |   1 |  270.0 |
  Orcish Mines |    606 |    606 |      0 |      0 |    494 |   2 |  303.0 |
       Ossuary |    236 |    236 |      0 |      0 |    100 |   1 |  236.0 |
               +--------+--------+--------+--------+--------+-----+--------+

Top non-repeatable levels by time:
    D:12: 1382 daAuts
     D:1: 1237 daAuts
    D:10: 1204 daAuts
     D:5: 1113 daAuts
    D:11: 982 daAuts
     D:4: 895 daAuts
     D:7: 885 daAuts
     D:9: 815 daAuts
     D:2: 794 daAuts
     D:3: 779 daAuts
     D:6: 779 daAuts
     D:8: 775 daAuts
   Orc:1: 595 daAuts
  Temple: 270 daAuts
 Ossuary: 236 daAuts
